 Dungeon Crawl Stone Soup version 0.27-a0-1291-geefcff550b (webtiles) character file.

Game seed: 3888925195846846117

203 thriggle the Shield-Bearer (level 6, 0/48 HPs)
             Began as a Formicid Fighter on June 15, 2021.
             Was a Priest of Lugonu.
             Shot with an arrow by a centaur (1 damage)
             ... on level 5 of the Dungeon.
             The game lasted 00:11:08 (3232 turns).

thriggle the Shield-Bearer (Formicid Fighter)       Turns: 3232, Time: 00:11:09

Health: 0/48       AC:  9    Str: 20    XL:     6   Next: 8%
Magic:  6/7        EV:  8    Int:  8    God:    Lugonu [***...]
Gold:   161        SH:  9    Dex: 12    Spells: 5/5 levels left

rFire    x . .     SeeInvis +   a - +0 trident
rCold    + . .     Faith    .   c - +0 kite shield
rNeg     . . .     Spirit   .   b - +0 scale mail
rPois    .         Reflect  .   (helmet unavailable)
rElec    .         Harm     .   s - +0 cloak
rCorr    .         Rampage  .   i - +0 pair of gloves
Will     .....                  (no boots)
Stlth    ..........             (no amulet)
HPRegen  0.16/turn              x - ring of ice
MPRegen  0.10/turn              (no ring)

@: no status effects
A: permanent stasis, dig shafts and tunnels, antennae 3, four strong arms
a: Dig, Shaft Self, Renounce Religion, Depart the Abyss, Bend Space, Banish


You were on level 5 of the Dungeon.
You worshipped Lugonu.
Lugonu was most pleased with you.
You visited 1 branch of the dungeon, and saw 5 of its levels.

You collected 161 gold pieces.

Inventory:

Hand Weapons
 a - a +0 trident (weapon)
 k - a +2 short sword of draining
 t - a +0 hunting sling
Missiles
 l - 218 stones (quivered)
Armour
 b - a +0 scale mail (worn)
 c - a +0 kite shield (worn)
 i - a +0 pair of gloves (worn)
 s - a +0 cloak (worn)
Jewellery
 x - a ring of ice (left hand)
Scrolls
 e - a scroll of fog
 h - a scroll of teleportation
 j - 2 scrolls of vulnerability
 n - 2 scrolls of amnesia
 o - a scroll of noise
 p - 2 scrolls of immolation {unknown}
 u - a scroll of blinking {unknown}
 v - a scroll of enchant weapon {unknown}
Potions
 d - 3 potions of might
 f - 2 potions of resistance {unknown}
 g - a potion of heal wounds {unknown}
 m - a potion of haste
 q - a potion of flight {unknown}
 r - 3 potions of curing {unknown}
 w - a potion of mutation {unknown}


   Skills:
 + Level 3.9 Fighting
 - Level 1.1 Long Blades
 + Level 2.2 Polearms
 + Level 2.1 Slings
 + Level 3.9 Armour
 + Level 1.2 Dodging
 + Level 2.0 Stealth
 + Level 4.3 Shields
 + Level 1.7 Invocations


You had 5 spell levels left.
You didn't know any spells.
Your spell library contained the following spells:

 Spells                   Type           Power      Damage    Failure   Level
 Animate Skeleton         Necr           0%         N/A       97%         1
 Corona                   Hex            0%         N/A       97%         1
 Pain                     Necr           0%         1d4       97%         1
 Ensorcelled Hibernation  Hex/Ice        0%         N/A       99%         2
 Confusing Touch          Hex            0%         N/A       100%        3
 Dazzling Flash           Conj/Hex       0%         N/A       100%        3
 Tukima's Dance           Hex            0%         N/A       100%        3
 Vampiric Draining        Necr           0%         2d6       100%        3
 Animate Dead             Necr           0%         N/A       100%        4
 Agony                    Necr           0%         N/A       100%        5


Dungeon Overview and Level Annotations

Branches:
Dungeon (6/15)             Temple (0/1) D:5

Altars:
Lugonu

Shops:
D:1 *   D:5 *

Annotations:
D:3 Grinder


Innate Abilities, Weirdness & Mutations

You cannot be hasted, slowed, berserked, paralysed or teleported.
You can dig through walls and to a lower floor.
You have a pair of large antennae on your head. (SInv)
Your four strong arms can wield two-handed weapons with a shield.


Message History

A centaur comes into view.
The centaur wields a +0 shortbow.
The centaur shoots an arrow.
The arrow hits you.
The centaur shoots an arrow.
You block the arrow.
The centaur shoots an arrow.
The arrow barely misses you.
The centaur shoots an arrow.
The arrow hits you!
The centaur unwields a +0 shortbow.
You block the centaur's attack. The centaur barely misses you.
You hit the centaur but do no damage. You block the centaur's attack. x2
The centaur hits you. You block the centaur's attack.
You hit the centaur but do no damage. The centaur hits you.
You block the centaur's attack.
The centaur hits you but does no damage.
The centaur kicks you but does no damage.
You closely miss the centaur. You block the centaur's attack. x2
The centaur barely misses you. x2
You barely miss the centaur. The centaur hits you. The centaur kicks you.
The centaur hits you.
The centaur kicks you but does no damage.
You hit the centaur but do no damage. The centaur hits you.
The centaur kicks you. The centaur hits you. You block the centaur's attack.
Press: ? - help, Shift-Dir - straight line, f - centaur
Aim: a centaur, quivering arrows (chance to affect: 80%)
You fail to use your ability.
You block the centaur's attack. The centaur barely misses you.
The centaur hits you but does no damage.
You block the centaur's attack. Space bends around you!
You blink.
The centaur wields a +0 shortbow.
The centaur shoots an arrow.
You block the arrow.
The centaur shoots an arrow.
You block the arrow.
The centaur shoots an arrow.
The arrow hits you!
* * * LOW HITPOINT WARNING * * *
The centaur shoots an arrow.
The arrow hits you!
* * * LOW HITPOINT WARNING * * *
As you read the scroll labelled TAARASEW IDOH, it crumbles to dust.
You hear a loud clanging noise!
It was a scroll of noise.
You hear a shout!
The centaur shoots an arrow.
The arrow hits you.
You die...

##.#.##.#####.#.##
##.######.#
..#....# #.#!..
..{.......#
.########
#.#...####+###...#
)
#.#..#8..#...8#.##
#.##.#...(#...#.#
#.##.#...#....#.#
#.##.##.#(#.#.'.#
#.##.+.#.#.#.##.#
#.##@#....#...#.#
#.##.#...#....#.#
#ยง#..#8...#..8#.#
#.c...###+####...
####.............
###..#.#.)###.#
#...........#
##########.# {#


You could see a centaur.

Vanquished Creatures
  2 hounds (D:5)
  A howler monkey zombie (D:5)
  2 adders
  3 gnolls (D:3)
  A worm (D:2)
  2 dart slugs
  6 orcs
  3 bats (D:1)
  4 endoplasms
  3 giant cockroaches (D:1)
  10 goblins
  5 hobgoblins
  5 jackals
  5 quokkas
  7 ball pythons
  3 frilled lizards
  4 kobolds
  7 rats
73 creatures vanquished.

Vanquished Creatures (others)
  A plant (D:1)
1 creature vanquished.

Grand Total: 74 creatures vanquished

Notes
Turn   | Place    | Note
-------+----------+-------------------------------------------
     0 | D:1      | thriggle the Formicid Fighter began the quest for the Orb.
     0 | D:1      | Reached XP level 1. HP: 18/18 MP: 1/1
   316 | D:1      | Reached XP level 2. HP: 24/24 MP: 2/2
   422 | D:1      | Reached skill level 1 in Stealth
   496 | D:1      | Reached XP level 3. HP: 28/29 MP: 3/3
   581 | D:1      | Found Yzenikk's Assorted Antiques.
   863 | D:1      | Found a faded altar of an unknown god.
   877 | D:1      | Became a worshipper of Lugonu the Unformed
   877 | D:1      | Reached * piety under Lugonu
   877 | D:1      | Reached ** piety under Lugonu
  1031 | D:2      | Reached skill level 1 in Slings
  1246 | D:2      | Reached skill level 1 in Invocations
  1541 | D:2      | Reached XP level 4. HP: 32/35 MP: 4/4
  1763 | D:3      | Reached skill level 4 in Shields
  2002 | D:3      | Reached skill level 1 in Dodging
  2017 | D:3      | Reached XP level 5. HP: 39/42 MP: 4/6
  2173 | D:3      | Noticed Grinder
  2180 | D:3      | Reached skill level 1 in Long Blades
  2433 | D:3      | You fall into a shaft and drop 3 floors!
  2645 | D:5      | Entered Level 5 of the Dungeon
  2791 | D:5      | Reached XP level 6. HP: 40/48 MP: 7/7
  2877 | D:5      | Reached *** piety under Lugonu
  2913 | D:5      | Found a staircase to the Ecumenical Temple.
  3160 | D:5      | Found Ejedaw's Assorted Antiques.
  3190 | D:5      | Noticed a water moccasin
  3231 | D:5      | HP: 1/48 [centaur/arrow (7)]
  3232 | D:5      | Shot with an arrow by a centaur

Illustrated notes

Levels and vault maps discovered:
D:1:      psy_arrival_radial01, layout_loops_ring,
          chequers_ecumenical_altar_lobes, serial_shops,
          nicolae_shop_behind_doors
D:2:      layout_loops_cross
D:3:      layout_loops_cross, skrybe_limestone_x, uniq_grinder, uniq_robin
D:5:      layout_basic, minmay_temple_entry_slanted, serial_shops, shop,
          moated_statue, hangedman_abyss_or_decor_passed, minivault_1,
          minmay_misc_feat_rows, uniq_pikel, uniq_blork_the_orc
D:6:      layout_basic

Skill      XL: |  1  2  3  4  5 |
---------------+----------------+-----
Stealth        | 1 2 |  2.0
Slings         | 1 2 |  2.1
Invocations    | 1 |  1.7
Shields        | 4 |  4.3
Dodging        | 1 |  1.2
Long Blades    | 1 |  1.1
Fighting       | |  3.9
Polearms       | |  2.2
Armour         | |  3.9

Action                   |  1- 3 |  4- 6 || total
-------------------------+-------+-------++-------
Melee: Trident           |   108 |   109 ||   217
       Short sword       |       |     6 ||     6
 Fire: Hunting sling     |       |    18 ||    18
Throw: Stone             |     1 |     2 ||     3
Invok: Bend Space        |     1 |     2 ||     3
 Abil: Dig               |     1 |       ||     1
       Shaft Self        |       |     1 ||     1
  Use: Scroll            |     1 |     4 ||     5
Armor: Scale mail        |    37 |    54 ||    91
Dodge: Dodged            |    19 |    41 ||    60
Block: Kite shield       |    38 |    63 ||   101

Table legend: (Time is in decaauts)
 A = Elapsed time spent in this place.
 B = Non-inter-level travel time spent in this place.
 C = Inter-level travel time spent in this place.
 D = Time resting spent in this place.
 E = Time spent auto-exploring this place.
 F = Levels seen in this place.
 G = Mean time per level.
                   A        B        C        D        E       F      G
               +--------+--------+--------+--------+--------+-----+--------+
         Total |   3311 |   3265 |     46 |    455 |   1860 |   5 |  662.2 |
       Dungeon |   3311 |   3265 |     46 |    455 |   1860 |   5 |  662.2 |
               +--------+--------+--------+--------+--------+-----+--------+

Top non-repeatable levels by time:
     D:1: 1050 daAuts
     D:2: 743 daAuts
     D:3: 707 daAuts
     D:5: 598 daAuts
     D:6: 211 daAuts
